 Dungeon Crawl Stone Soup version 0.17-b1-33-gd9cf236 (webtiles) character file.

697 Kloppie the Slasher (level 7, -8/57 HPs)
             Began as a Minotaur Berserker on Nov 6, 2015.
             Was a Priest of Trog.
             Mangled by an ogre
             ... wielding a +0 giant club
              (20 damage)
             ... on level 4 of the Dungeon.
             The game lasted 00:06:00 (3251 turns).

Kloppie the Slasher (Minotaur Berserker)            Turns: 3251, Time: 00:06:00

Health: -8/57      AC: 10    Str: 24    XL:     7   Next: 37%
Magic:  6/6        EV:  9    Int:  4    God:    Trog [***...]
Gold:   112        SH:  0    Dex:  9    Spells: 0 memorised, 6 levels left

rFire  . . .     SeeInvis .     a - +0 falchion
rCold  . . .     Clarity  .     t - +0 chain mail
rNeg   . . .     SustAt   .     (no shield)
rPois  .         Gourm    .     (helmet restricted)
rElec  .         Spirit   .     (no cloak)
rCorr  .         Warding  .     (no gloves)
rMut   .         Stasis   .     (no boots)
MR     .....                    (no amulet)
Stlth  ..........               (no ring)
                                (no ring)

@: not resistant to hostile enchantments, extremely unstealthy
A: retaliatory headbutt, horns 2
a: Berserk, Trog's Hand, Burn Spellbooks, Renounce Religion


You were on level 4 of the Dungeon.
You worshipped Trog.
Trog was most pleased with you.
You were very hungry.

You visited 1 branch of the dungeon, and saw 4 of its levels.

You collected 112 gold pieces.

Inventory:

Hand Weapons
 a - a +0 falchion (weapon)
 b - a +0 blowgun
 r - a +0 flail
Missiles
 p - 32 poisoned needles
 v - 5 steel javelins (quivered)
Armour
 t - a +0 chain mail (worn)
Jewellery
 k - an uncursed ring of see invisible {unknown}
 s - a cursed ring of loudness {unknown}
Scrolls
 e - 2 scrolls of teleportation {unknown}
 f - 2 scrolls of remove curse {unknown}
 g - 2 scrolls of enchant armour {unknown}
 i - a scroll of random uselessness {unknown}
 n - a scroll of fear {unknown}
 q - 2 scrolls of identify {unknown}
Potions
 d - 4 potions of curing
 j - a potion of brilliance {unknown}
 l - a potion of ambrosia {unknown}
 o - a potion of berserk rage {unknown}
 u - a potion of cancellation {unknown}
 w - a potion of lignification {unknown}
 x - a potion of poison {unknown}
Comestibles
 c - 4 bread rations
 h - 4 meat rations
 m - a royal jelly


   Skills:
 - Level 3.6 Fighting
 + Level 7.1 Long Blades
 + Level 2.7 Throwing
 + Level 7.0 Armour
 - Level 2.1 Dodging


You had 6 spell levels left.
You didn't know any spells.

Dungeon Overview and Level Annotations

Branches:
Dungeon (4/15)
 Temple: D:4-7

Altars:
Okawaru
Ru

Shops:
D:4 [


Innate Abilities, Weirdness & Mutations

You reflexively headbutt those who attack you in melee.
You have a pair of horns on your head.


Message History

Trog accepts your kill.
You slash the ogre! You headbutt the ogre.
The ogre is heavily wounded.
The ogre barely misses you.
You hit the ogre.
The ogre is severely wounded.
The ogre hits you with a giant club!
* * * LOW HITPOINT WARNING * * *
You are too injured to fight recklessly!
You are too injured to fight recklessly!
You hit the ogre. You headbutt the ogre.
The ogre is almost dead.
You hit the ogre but do no damage.
The ogre is almost dead.
The ogre hits you with a giant club!
* * * LOW HITPOINT WARNING * * *
You barely miss the ogre.
The ogre is almost dead.
The ogre hits you with a giant club!!
You die...

### .. #. ######
####.#############.....
.......................
#(......#######.##..
#...(.#.# #.##..
#.#@###+# #.##..
#.....[O{l.... #.####
#.####.##o.... #.# #
#.# .... #.# # ..# ..$
#.# # ... .. ... . #.#
. ## #.#


You could see an ogre, an orc and a giant gecko.

Vanquished Creatures
  Grinder (D:4)
  Sigmund (D:3)
  Ijyb (D:2)
  A worker ant (D:4)
  Terence (D:2)
  2 orc wizards
  7 adders
  4 gnolls (D:2)
  An ooze (D:3)
  2 worms (D:3)
  12 orcs
  6 bats
  6 giant cockroaches
  7 hobgoblins
  5 kobolds
  3 quokkas
  2 ball pythons (D:3)
  5 giant geckos
  6 giant newts
  6 goblins
  5 jackals (D:2)
  9 rats
  A plant (D:1)
94 creatures vanquished.

Notes
Turn   | Place    | Note
--------------------------------------------------------------
     0 | D:1      | Kloppie the Minotaur Berserker began the quest for the Orb.
     0 | D:1      | Reached XP level 1. HP: 19/19 MP: 0/0
   309 | D:1      | Reached XP level 2. HP: 26/26 MP: 1/1
   975 | D:2      | Reached skill level 4 in Long Blades
  1214 | D:2      | Noticed Ijyb
  1240 | D:2      | Killed Ijyb
  1240 | D:2      | Reached XP level 3. HP: 31/31 MP: 2/2
  1296 | D:2      | Found an iron altar of Okawaru.
  1391 | D:2      | Reached ** piety under Trog
  1422 | D:2      | Reached XP level 4. HP: 32/39 MP: 3/3
  1432 | D:2      | Reached skill level 5 in Long Blades
  1624 | D:2      | Noticed Terence
  1640 | D:2      | Killed Terence
  1640 | D:2      | Reached skill level 5 in Armour
  1640 | D:2      | Reached XP level 5. HP: 27/45 MP: 4/4
  2072 | D:3      | Reached *** piety under Trog
  2179 | D:3      | Reached skill level 6 in Long Blades
  2502 | D:3      | Reached XP level 6. HP: 51/51 MP: 5/5
  2674 | D:3      | Noticed Sigmund
  2688 | D:3      | Killed Sigmund
  2688 | D:3      | Reached skill level 1 in Throwing
  2691 | D:3      | Found a sacrificial altar of Ru.
  3061 | D:4      | Noticed Grinder
  3085 | D:4      | Killed Grinder
  3085 | D:4      | Received a gift from Trog
  3085 | D:4      | Reached XP level 7. HP: 51/57 MP: 6/6
  3149 | D:4      | Found Cach's Antique Armour Boutique.
  3198 | D:4      | Reached skill level 7 in Long Blades
  3251 | D:4      | Mangled by an ogre

Action                   |  1- 3 |  4- 6 |  7- 9 || total
-------------------------+-------+-------+-------++-------
Melee: Falchion          |   124 |   187 |    24 ||   335
Invok: Berserk           |     1 |     2 |       ||     3
       Trog's Hand       |       |     2 |       ||     2
  Eat: Chunk             |     3 |     7 |       ||    10
